 Dungeon Crawl Stone Soup version 0.19-a0-1035-gdbfb0c6 (webtiles) character file.

88 poirepourri the Skirmisher (level 4, 40/42 HPs)
             Began as a Hill Orc Fighter on July 29, 2016.
             Quit the game on level 3 of the Dungeon.
             The game lasted 00:02:59 (1761 turns).

poirepourri the Skirmisher (Hill Orc Fighter)       Turns: 1761, Time: 00:03:00

Health: 40/42      AC:  6    Str: 16 (19) XL:     4   Next: 54%
Magic:  4/4        EV:  6    Int:  7 (8)  God:
Gold:   103        SH:  7    Dex:  7 (10) Spells: 0 memorised, 3 levels left

rFire  . . .     SeeInvis .     a - +0 war axe
rCold  . . .     Gourm    .     b - +0 scale mail
rNeg   . . .     Faith    .     c - +0 shield
rPois  .         Spirit   .     (no helmet)
rElec  .         Dismiss  .     (no cloak)
rCorr  .         Reflect  .     (no gloves)
SustAt .         Harm     .     (no boots)
MR     .....                    (no amulet)
Stlth  ..........               (no ring)
                                (no ring)

@: drained, not resistant to hostile enchantments, extremely unstealthy
A: no striking features
a: no special abilities


You were on level 3 of the Dungeon.
You were not hungry.

You visited 1 branch of the dungeon, and saw 3 of its levels.

You collected 103 gold pieces.

Inventory:

Hand Weapons
 a - a +0 war axe (weapon)
Armour
 b - a +0 scale mail (worn)
 c - a +0 shield (worn)
Jewellery
 o - an uncursed ring of stealth {unknown}
Scrolls
 e - 2 scrolls of teleportation {unknown}
 g - 2 scrolls of fear {unknown}
 h - a scroll of immolation {unknown}
 i - 3 scrolls of remove curse {unknown}
 j - 3 scrolls of identify {unknown}
 k - a scroll of magic mapping {unknown}
 l - a scroll of noise {unknown}
Potions
 m - a potion of degeneration
Comestibles
 f - 2 bread rations
 n - a beef jerky


   Skills:
 + Level 5.5(4.4) Fighting
 + Level 4.1(3.1) Axes
 - Level 3.2(2.3) Armour
 - Level 3.2(2.3) Shields


You had 3 spell levels left.
You didn't know any spells.

Dungeon Overview and Level Annotations

Branches:
Dungeon (3/15)

Altars:
Okawaru
Ru
Trog

Annotations:
D:3 Waterpls's ghost, amateur KoAr


Message History

You see here a bat corpse.
Found an escape hatch in the ceiling.
Waterpls's ghost (amateur Kobold Artificer) comes into view.
It is wielding a weapon of flaming.
Waterpls's ghost turns its malevolent gaze towards you.
A bat comes into view.
There are monsters nearby!
There are monsters nearby!
Found a hunting sling.
There is an open door here.
Waterpls's ghost whispers, "It is all a dream - a grotesque and foolish dream."
You block Waterpls's ghost's attack.
You see here 9 gold pieces.
You slash Waterpls's ghost!
Waterpls's ghost is moderately damaged.
Waterpls's ghost barely misses you. You block Waterpls's ghost's attack.
It was a potion of degeneration.
There was something very wrong with that liquid.
You feel weakened.
You feel dopey.
You feel clumsy. Waterpls's ghost hits you. Waterpls's ghost burns you.
Are you sure you want to abandon this character and quit the game? (Confirm with "yes".)

#..
#............##.....
#.####.###......##.....
#.<###†# #......######.
#.....######.### ##
#.......# #.# #.......#
#.# ##......# #.#
#..#'### #.# ##.#@# #.#
..#W# #.#
b..#b######.#########
... ..##..............
### ..##.........#####
...##.........# #
..)##.........# #
#.#.############ # #


You could see Waterpls's ghost and a bat.

Vanquished Creatures
  2 adders (D:2)
  2 oozes
  A worm (D:2)
  4 dart slugs (D:1)
  3 giant geckos
  4 bats
  2 giant cockroaches
  A goblin (D:1)
  7 hobgoblins
  4 jackals (D:1)
  8 kobolds
  2 ball pythons
  3 giant newts
  3 rats
46 creatures vanquished.

Notes
Turn   | Place    | Note
-------+----------+-------------------------------------------
     0 | D:1      | poirepourri the Hill Orc Fighter began the quest for the Orb.
     0 | D:1      | Reached XP level 1. HP: 19/19 MP: 1/1
    17 | D:1      | Reached skill level 4 in Fighting
    38 | D:1      | Reached XP level 2. HP: 20/27 MP: 2/2
   347 | D:1      | Reached XP level 3. HP: 34/34 MP: 3/3
   545 | D:1      | Reached skill level 5 in Fighting
  1209 | D:2      | Reached XP level 4. HP: 40/42 MP: 4/4
  1238 | D:2      | Found an iron altar of Okawaru.
  1249 | D:2      | Found a bloodstained altar of Trog.
  1253 | D:2      | Found a sacrificial altar of Ru.
  1421 | D:2      | Found a sacrificial altar of Ru.
  1755 | D:3      | Noticed Waterpls's ghost (amateur KoAr)
  1761 | D:3      | Quit the game

Vault maps used:
D:1:      minmay_arrival_four_loops, minmay_pentomino_p4
D:2:      minmay_overflow_temple_star_quad, first_bread, hangedman_ru_absence
D:3:      okawaru_gym_becter

Skill      XL: |  1  2  3  4 |
---------------+-------------+-----
Fighting       | 4 5 |  5.5
Axes           | 3 4 |  4.1
Armour         | |  3.2
Shields        | |  3.2

Action                   |  1- 3 |  4- 6 || total
-------------------------+-------+-------++-------
Melee: War axe           |    87 |    43 ||   130
  Use: Potion            |     2 |     1 ||     3
  Eat: Beef jerky        |     1 |       ||     1
       Meat ration       |       |     1 ||     1
Armor: Scale mail        |    47 |    24 ||    71
       Skin              |     3 |       ||     3
Dodge: Dodged            |    22 |    21 ||    43
Block: Shield            |    57 |    21 ||    78
